[ AOE2 MATCH · #507015210 ]
UnrankedPersians vs Hindustanis
Player's team · LOSS
[ REPLAY ANALYSIS · EXTRACTED FROM THE RECORDED GAME ]
Feudal
9:06
Castle
25:17
Imperial
40:57
| APM avg | 30.4 |
| APM peak | 69 |
| eAPM avg | 19.0 |
| Villagers / military | 133 / 477 |
Focus
⚔️ 37.4% · 🌾 62.6%
Spearman ×192 · Scout Cavalry ×126 · Knight ×80 · Cavalry Archer ×25 · Archer ×24 · Battering Ram ×17
Feudal
8:31
Castle
26:11
Imperial
39:20
| APM avg | 47.6 |
| APM peak | 99 |
| eAPM avg | 23.0 |
| Villagers / military | 159 / 191 |
Focus
⚔️ 34.4% · 🌾 65.6%
Scout Cavalry ×72 · Camel Scout ×49 · Hand Cannoneer ×46 · Trebuchet (Packed) ×11 · Ghulam ×9 · Monk ×3
Match map
Initial resources + every placement click. Lines = walls · curves = elevation contours. ◆ gold · ⬟ stone · ● berries · ✦ relic · ◌ wall gap
Your base· ✓ Closed at 25:17 · 36t walls · 1 gate(s)
twf_wing's base· Open — opponent sealed themselves in
Smoothed initial terrain · ◌ = detected wall gap · hover for details
Inputs per minute
— ITA | Dante - - twf_wing
Build order — ITA | Dante
First 150 of 548 actions detected
| 0:00 | Queue | Villager (Male) |
| 0:01 | Queue | Villager (Male) |
| 0:01 | Queue | Villager (Male) |
| 0:01 | Queue | Villager (Male) |
| 0:02 | Queue | Villager (Male) |
| 0:02 | Queue | Villager (Male) |
| 0:02 | Queue | Villager (Male) |
| 0:04 | Build | House |
| 0:05 | Build | House |
| 1:25 | Queue | Villager (Male) |
| 1:51 | Queue | Villager (Male) |
| 1:53 | Build | Lumber Camp |
| 2:27 | Queue | Villager (Male) |
| 2:27 | Queue | Villager (Male) |
| 2:40 | Queue | Villager (Male) |
| 3:19 | Build | House |
| 3:21 | Build | House |
| 3:27 | Queue | Villager (Male) |
| 3:58 | Queue | Villager (Male) |
| 4:27 | Queue | Villager (Male) |
| 4:46 | Queue | Villager (Male) |
| 5:04 | Queue | Villager (Male) |
| 5:26 | Build | Barracks |
| 5:29 | Build | House |
| 5:39 | Queue | Villager (Male) |
| 5:40 | Queue | Villager (Male) |
| 5:47 | Queue | Villager (Male) |
| 5:50 | Research | Loom |
| 7:02 | Research | Feudal Age |
| 7:07 | Build | Mining Camp |
| 7:30 | Queue | Militia |
| 7:31 | Queue | Militia |
| 7:48 | Queue | Militia |
| 8:12 | Queue | Militia |
| 8:22 | Build | Mill |
| 8:53 | Queue | Villager (Male) |
| 9:06 | Age | Feudal Age |
| 9:17 | Queue | Villager (Male) |
| 9:30 | Build | Archery Range |
| 9:46 | Queue | Villager (Male) |
| 9:49 | Build | House |
| 9:58 | Research | Man-at-Arms (upgrade) |
| 10:07 | Queue | Villager (Male) |
| 10:23 | Build | Farm |
| 10:25 | Build | Farm |
| 10:26 | Build | Farm |
| 10:30 | Queue | Archer |
| 10:30 | Queue | Archer |
| 10:35 | Queue | Villager (Male) |
| 10:36 | Queue | Villager (Male) |
| 10:59 | Build | House |
| 11:01 | Build | Palisade Wall |
| 11:13 | Queue | Villager (Male) |
| 11:25 | Queue | Villager (Male) |
| 11:28 | Build | House |
| 11:29 | Build | Palisade Wall |
| 11:30 | Build | Palisade Wall |
| 12:06 | Queue | Villager (Male) |
| 12:12 | Build | Blacksmith |
| 12:25 | Queue | Archer |
| 12:25 | Queue | Archer |
| 12:40 | Build | Farm |
| 12:42 | Queue | Villager (Male) |
| 12:43 | Queue | Villager (Male) |
| 12:44 | Build | House |
| 12:46 | Build | Palisade Wall |
| 12:49 | Build | Palisade Wall |
| 12:57 | Queue | Archer |
| 13:18 | Queue | Villager (Male) |
| 13:24 | Build | Watch Tower |
| 13:25 | Build | Palisade Wall |
| 13:26 | Build | Palisade Wall |
| 13:26 | Build | Palisade Wall |
| 13:27 | Build | Palisade Wall |
| 13:29 | Queue | Archer |
| 13:29 | Queue | Archer |
| 13:41 | Queue | Villager (Male) |
| 13:53 | Queue | Spearman |
| 14:02 | Queue | Archer |
| 14:02 | Queue | Archer |
| 14:03 | Queue | Villager (Male) |
| 14:08 | Build | Farm |
| 14:09 | Build | Farm |
| 14:12 | Build | Farm |
| 14:21 | Build | Palisade Wall |
| 14:28 | Queue | Villager (Male) |
| 14:36 | Build | Mining Camp |
| 14:53 | Queue | Villager (Male) |
| 14:58 | Queue | Archer |
| 14:58 | Queue | Archer |
| 14:59 | Queue | Archer |
| 15:09 | Build | House |
| 15:14 | Build | Palisade Wall |
| 15:17 | Build | Palisade Wall |
| 15:33 | Queue | Villager (Male) |
| 15:33 | Queue | Villager (Male) |
| 15:34 | Build | House |
| 15:39 | Research | Fletching |
| 15:50 | Queue | Villager (Male) |
| 16:04 | Build | Farm |
| 16:24 | Queue | Spearman |
| 16:25 | Queue | Villager (Male) |
| 16:29 | Build | Watch Tower |
| 16:35 | Build | Farm |
| 16:37 | Queue | Villager (Male) |
| 16:43 | Build | Farm |
| 16:45 | Build | Farm |
| 16:46 | Queue | Villager (Male) |
| 17:01 | Queue | Archer |
| 17:01 | Queue | Archer |
| 17:01 | Queue | Archer |
| 17:41 | Queue | Villager (Male) |
| 17:43 | Build | House |
| 17:50 | Queue | Archer |
| 17:52 | Queue | Villager (Male) |
| 18:20 | Queue | Villager (Male) |
| 18:20 | Queue | Villager (Male) |
| 18:25 | Build | Lumber Camp |
| 18:41 | Queue | Villager (Male) |
| 19:04 | Build | House |
| 19:11 | Queue | Archer |
| 19:12 | Queue | Archer |
| 19:13 | Queue | Villager (Male) |
| 19:15 | Build | Farm |
| 19:35 | Queue | Villager (Male) |
| 19:40 | Queue | Spearman |
| 19:40 | Queue | Spearman |
| 19:49 | Queue | Villager (Male) |
| 19:50 | Queue | Villager (Male) |
| 19:54 | Build | Farm |
| 20:15 | Queue | Villager (Male) |
| 20:16 | Build | Farm |
| 20:28 | Build | Farm |
| 20:38 | Queue | Archer |
| 20:38 | Queue | Archer |
| 20:51 | Build | Palisade Gate |
| 21:15 | Build | House |
| 21:26 | Queue | Spearman |
| 21:29 | Queue | Archer |
| 21:30 | Queue | Archer |
| 21:34 | Build | Farm |
| 21:38 | Queue | Villager (Male) |
| 21:38 | Queue | Villager (Male) |
| 22:12 | Build | Farm |
| 22:13 | Queue | Villager (Male) |
| 22:17 | Build | Farm |
| 22:21 | Build | Farm |
| 22:22 | Build | Farm |
| 22:40 | Build | Farm |
| 22:52 | Research | Castle Age |
Build order — twf_wing
First 150 of 575 actions detected
| 0:01 | Queue | Villager (Male) |
| 0:02 | Queue | Villager (Male) |
| 0:02 | Queue | Villager (Male) |
| 0:03 | Build | House |
| 0:04 | Build | House |
| 0:19 | Queue | Villager (Male) |
| 0:20 | Queue | Villager (Male) |
| 1:08 | Queue | Villager (Male) |
| 1:36 | Queue | Villager (Male) |
| 1:53 | Queue | Villager (Male) |
| 2:23 | Build | Lumber Camp |
| 2:27 | Queue | Villager (Male) |
| 3:07 | Queue | Villager (Male) |
| 3:07 | Queue | Villager (Male) |
| 3:12 | Build | House |
| 3:29 | Queue | Villager (Male) |
| 4:23 | Queue | Villager (Male) |
| 4:40 | Queue | Villager (Male) |
| 5:13 | Queue | Villager (Male) |
| 5:22 | Build | Mill |
| 5:34 | Research | Loom |
| 6:21 | Research | Feudal Age |
| 7:13 | Build | Mining Camp |
| 7:35 | Build | Palisade Wall |
| 7:38 | Build | Palisade Wall |
| 7:44 | Build | Palisade Wall |
| 7:48 | Build | Palisade Wall |
| 7:55 | Build | House |
| 8:31 | Age | Feudal Age |
| 8:34 | Build | Watch Tower |
| 8:37 | Research | Double-Bit Axe |
| 8:38 | Queue | Villager (Male) |
| 8:49 | Build | Watch Tower |
| 9:02 | Queue | Villager (Male) |
| 9:23 | Queue | Villager (Male) |
| 9:29 | Build | House |
| 9:44 | Build | Palisade Wall |
| 9:46 | Build | Palisade Wall |
| 9:55 | Build | House |
| 10:01 | Queue | Villager (Male) |
| 10:04 | Queue | Villager (Male) |
| 10:04 | Queue | Villager (Male) |
| 10:04 | Queue | Villager (Male) |
| 10:24 | Build | House |
| 10:26 | Build | House |
| 10:51 | Queue | Villager (Male) |
| 11:09 | Queue | Villager (Male) |
| 11:14 | Build | Barracks |
| 11:58 | Queue | Villager (Male) |
| 12:07 | Build | Stable |
| 12:15 | Queue | Villager (Male) |
| 12:28 | Build | House |
| 13:06 | Queue | Villager (Male) |
| 13:10 | Queue | Scout Cavalry |
| 13:21 | Build | Farm |
| 13:22 | Build | Farm |
| 13:26 | Build | Farm |
| 13:32 | Build | Farm |
| 13:34 | Build | Farm |
| 13:36 | Build | Farm |
| 13:42 | Build | Outpost |
| 14:05 | Build | Lumber Camp |
| 14:09 | Queue | Villager (Male) |
| 14:13 | Build | Farm |
| 14:22 | Build | House |
| 14:33 | Queue | Villager (Male) |
| 14:35 | Queue | Scout Cavalry |
| 14:44 | Queue | Villager (Male) |
| 14:55 | Queue | Villager (Male) |
| 15:04 | Build | Farm |
| 15:26 | Build | Watch Tower |
| 15:36 | Queue | Scout Cavalry |
| 15:39 | Build | Watch Tower |
| 15:42 | Build | House |
| 15:45 | Build | Palisade Wall |
| 15:49 | Queue | Scout Cavalry |
| 15:50 | Queue | Villager (Male) |
| 15:57 | Build | Farm |
| 15:58 | Queue | Villager (Male) |
| 16:03 | Queue | Villager (Male) |
| 16:22 | Build | Watch Tower |
| 16:31 | Queue | Villager (Male) |
| 16:33 | Queue | Scout Cavalry |
| 16:35 | Build | Farm |
| 16:37 | Build | Farm |
| 16:44 | Queue | Villager (Male) |
| 16:55 | Queue | Villager (Male) |
| 17:01 | Build | House |
| 17:05 | Queue | Scout Cavalry |
| 17:15 | Build | Mining Camp |
| 17:16 | Queue | Villager (Male) |
| 17:44 | Queue | Villager (Male) |
| 17:51 | Build | Mining Camp |
| 18:07 | Queue | Scout Cavalry |
| 18:08 | Queue | Villager (Male) |
| 18:18 | Build | Palisade Wall |
| 18:26 | Build | Palisade Wall |
| 18:37 | Queue | Villager (Male) |
| 18:45 | Build | Farm |
| 18:47 | Queue | Villager (Male) |
| 18:53 | Build | Farm |
| 18:55 | Build | Farm |
| 19:02 | Queue | Villager (Male) |
| 19:16 | Build | House |
| 19:35 | Build | House |
| 19:37 | Queue | Villager (Male) |
| 19:40 | Build | Blacksmith |
| 19:56 | Queue | Villager (Male) |
| 20:10 | Queue | Villager (Male) |
| 20:12 | Research | Fletching |
| 20:20 | Build | Farm |
| 20:36 | Research | Scale Barding Armor |
| 20:49 | Build | Mill |
| 20:54 | Research | Bloodlines |
| 20:55 | Queue | Villager (Male) |
| 21:00 | Build | Market |
| 21:13 | Queue | Villager (Male) |
| 21:16 | Build | Farm |
| 21:20 | Build | Farm |
| 21:31 | Build | House |
| 21:48 | Queue | Villager (Male) |
| 21:53 | Build | Farm |
| 22:10 | Research | Wheelbarrow |
| 22:16 | Build | Watch Tower |
| 22:46 | Build | House |
| 22:46 | Build | House |
| 23:07 | Build | Farm |
| 23:08 | Build | Farm |
| 23:09 | Build | Farm |
| 23:11 | Queue | Villager (Male) |
| 23:31 | Research | Castle Age |
| 23:48 | Build | House |
| 23:53 | Queue | Scout Cavalry |
| 24:07 | Queue | Scout Cavalry |
| 24:16 | Build | House |
| 24:17 | Build | House |
| 24:22 | Research | Forging |
| 24:23 | Research | Forging |
| 24:35 | Research | Gold Mining |
| 24:35 | Research | Gold Mining |
| 25:01 | Queue | Scout Cavalry |
| 25:13 | Build | Stable |
| 25:18 | Queue | Scout Cavalry |
| 25:21 | Build | House |
| 25:21 | Build | House |
| 25:36 | Queue | Villager (Male) |
| 25:42 | Research | Horse Collar |
| 26:07 | Queue | Villager (Male) |
| 26:11 | Age | Castle Age |
| 26:18 | Queue | Villager (Male) |
Match timeline
| 5:26 | ITA | Dante · first_building Barracks |
| 7:35 | twf_wing · wall_segment Palisade Wall x1 |
| 7:38 | twf_wing · wall_segment Palisade Wall x1 |
| 7:44 | twf_wing · wall_segment Palisade Wall x1 |
| 7:48 | twf_wing · wall_segment Palisade Wall x1 |
| 8:31 | twf_wing · age_up feudal |
| 9:06 | ITA | Dante · age_up feudal |
| 9:30 | ITA | Dante · first_building Archery Range |
| 9:44 | twf_wing · wall_segment Palisade Wall x1 |
| 9:46 | twf_wing · wall_segment Palisade Wall x1 |
| 11:01 | ITA | Dante · wall_segment Palisade Wall x8 |
| 11:14 | twf_wing · first_building Barracks |
| 11:29 | ITA | Dante · wall_segment Palisade Wall x1 |
| 11:30 | ITA | Dante · wall_segment Palisade Wall x1 |
| 12:07 | twf_wing · first_building Stable |
| 12:46 | ITA | Dante · wall_segment Palisade Wall x1 |
| 12:49 | ITA | Dante · wall_segment Palisade Wall x12 |
| 13:25 | ITA | Dante · wall_segment Palisade Wall x1 |
| 13:26 | ITA | Dante · wall_segment Palisade Wall x1 |
| 13:26 | ITA | Dante · wall_segment Palisade Wall x1 |
| 13:27 | ITA | Dante · wall_segment Palisade Wall x1 |
| 14:21 | ITA | Dante · wall_segment Palisade Wall x1 |
| 15:14 | ITA | Dante · wall_segment Palisade Wall x3 |
| 15:17 | ITA | Dante · wall_segment Palisade Wall x5 |
| 15:45 | twf_wing · wall_segment Palisade Wall x10 |
| 18:18 | twf_wing · wall_segment Palisade Wall x1 |
| 18:26 | twf_wing · wall_segment Palisade Wall x1 |
| 23:25 | twf_wing · first_market_buy 100 food |
| 23:30 | twf_wing · first_market_sell 100 stone |
| 25:17 | ITA | Dante · age_up castle |
| 25:57 | ITA | Dante · wall_segment Palisade Wall x1 |
| 26:11 | twf_wing · age_up castle |
| 29:29 | twf_wing · first_building Monastery |
| 29:49 | ITA | Dante · first_building Castle |
| 30:39 | twf_wing · first_building Castle |
| 31:50 | ITA | Dante · first_building Stable |
| 34:12 | ITA | Dante · first_building Monastery |
| 36:00 | ITA | Dante · wall_segment Palisade Wall x1 |
| 36:02 | ITA | Dante · wall_segment Palisade Wall x1 |
| 37:53 | ITA | Dante · first_market_buy 100 food |
| 38:22 | ITA | Dante · first_building Siege Workshop |
| 39:14 | twf_wing · first_building Archery Range |
| 39:20 | twf_wing · age_up imperial |
| 40:57 | ITA | Dante · age_up imperial |
| 46:42 | ITA | Dante · first_market_sell 100 food |
| 50:21 | ITA | Dante · wall_segment Palisade Wall x1 |
| 55:56 | ITA | Dante · resign |
[ AI ANALYSIS · 1 CREDIT ]
What really happened in this match?
Wolo.gg analyzes every decision: build order, eco, micro, common mistakes by bracket. Personalized analysis on WhatsApp or Discord in 30 seconds.
Civ guide
Persians
Perfil
Jugador #1881383